 Dungeon Crawl Stone Soup version 0.23.2 (webtiles) character file.

Game seed: 10065573698629612864

554 Menchi the Skirmisher (level 7, -6/56 HPs)
             Began as a Formicid Fighter on Apr 9, 2019.
             Mangled by a gnoll
             ... wielding a +0 flail
              (13 damage)
             ... on level 4 of the Dungeon.
             The game lasted 00:10:55 (4283 turns).

Menchi the Skirmisher (Formicid Fighter)            Turns: 4283, Time: 00:10:56

Health: -6/56      AC:  7    Str: 22    XL:     7   Next: 55%
Magic:  7/7        EV:  8    Int:  8    God:
Gold:   278        SH: 10    Dex: 10    Spells: 6/6 levels left

rFire    x . .     SeeInvis +   a - +0 war axe
rCold    + . .     Gourm    .   c - +0 shield
rNeg     . . .     Faith    .   b - +0 scale mail
rPois    .         Spirit   .   (helmet unavailable)
rElec    .         Reflect  .   (no cloak)
rCorr    .         Harm     +   (no gloves)
MR       +....                  (no boots)
Stlth    ..........             k - amulet of harm
HPRegen  0.18/turn              x - ring of protection from magic
MPRegen  0.10/turn              t - ring of ice

@: no status effects
A: permanent stasis, dig shafts and tunnels, four strong arms, antennae 3
a: Dig, Shaft Self


You were on level 4 of the Dungeon.
You were near starving.

You visited 1 branch of the dungeon, and saw 4 of its levels.
You also visited: Sewer.

You collected 278 gold pieces.

Inventory:

Hand Weapons
 a - a +0 war axe (weapon)
Armour
 b - a +0 scale mail (worn)
 c - a +0 shield (worn)
Jewellery
 k - an amulet of harm (around neck)
 n - an uncursed ring of fire
 t - a ring of ice (right hand)
 x - a ring of protection from magic (left hand)
Wands
 r - a wand of random effects (5)
 w - a wand of flame (26)
Scrolls
 e - 3 scrolls of teleportation {unknown}
 h - 3 scrolls of magic mapping {unknown}
 i - 4 scrolls of identify {unknown}
 m - a scroll of remove curse {unknown}
 p - a scroll of fog {unknown}
 s - 3 scrolls of enchant armour {unknown}
 u - a scroll of random uselessness {unknown}
 v - a scroll of fear {unknown}
Potions
 d - 3 potions of might
 g - a potion of degeneration {unknown}
 j - 7 potions of curing {unknown}
 l - a potion of heal wounds {unknown}
 o - a potion of brilliance {unknown}
 q - 3 potions of flight {unknown}
 z - a potion of lignification {unknown}
 A - a potion of mutation {unknown}
Comestibles
 f - 3 rations


   Skills:
 * Level 5.3 Fighting
 + Level 5.0 Axes
 + Level 4.9 Armour
 + Level 5.1 Shields


You had 6 spell levels left.
You didn't know any spells.
Your spell library was empty.

Dungeon Overview and Level Annotations

Branches:
Dungeon (4/15)
 Temple: D:4-7

Altars:
Dithmenos
Okawaru
Qazlal
Uskayaw
Vehumet
Wu Jian
Yredelemnul
The Shining One


Innate Abilities, Weirdness & Mutations

You cannot be hasted, slowed, berserked, paralysed or teleported.
You can dig through walls and to a lower floor.
Your four strong arms can wield two-handed weapons with a shield.
You have a pair of large antennae on your head. (SInv)


Message History

You block the gnoll's attack. The gnoll closely misses you.
The gnoll completely misses you.
The frilled lizard hisses angrily.
You hit the gnoll.
The gnoll is heavily wounded.
You barely miss the gnoll. The gnoll closely misses you.
The gnoll hits you with a +0 club!
* * * LOW HITPOINT WARNING * * *
You block the gnoll's attack.
You hit the gnoll.
You kill the gnoll!
Your Axes skill increases to level 5!
Your shield and scale mail prevent you from hitting the gnoll.
The gnoll hits you but does no damage.
The gnoll hits you from afar with a +0 spear.
* * * LOW HITPOINT WARNING * * *
You barely miss the gnoll.
You are near starving!
You block the gnoll's attack. The gnoll hits you with a +0 flail!
You die...

#....# #.....###
.......#
......#####
#.l......# ..<
#g......##
.$..##.g.....#
......)@...#####
.#.##...†...#..#
#..###.)......# {
#..# #..[##..##
###.###....#..#
#..........#..##
#..........#...#
#.........)...##
###......#.....##


You could see 2 gnolls and a frilled lizard.

Vanquished Creatures
  An ogre (D:4)
  A scorpion (D:4)
  A centaur skeleton (D:4)
  Crazy Yiuf (D:3)
  An orc priest (D:4)
  Jessica (D:3)
  An iguana (D:4)
  A worker ant (D:4)
  Robin (D:3)
  8 adders
  5 gnolls
  3 oozes
  A worm (D:3)
  2 dart slugs
  A leopard gecko (Sewer)
  6 orcs
  2 ball pythons
  10 bats
  7 giant cockroaches
  12 goblins
  10 hobgoblins
  13 jackals
  7 kobolds
  6 frilled lizards
  A quokka skeleton (D:4)
  14 rats
117 creatures vanquished.

Vanquished Creatures (others)
  5 toadstools (D:2)
5 creatures vanquished.

Grand Total: 122 creatures vanquished

Notes
Turn   | Place    | Note
-------+----------+-------------------------------------------
     0 | D:1      | Menchi the Formicid Fighter began the quest for the Orb.
     0 | D:1      | Reached XP level 1. HP: 18/18 MP: 1/1
   107 | D:1      | Reached XP level 2. HP: 22/24 MP: 2/2
   197 | D:1      | Reached XP level 3. HP: 30/30 MP: 3/3
   825 | D:2      | Reached XP level 4. HP: 22/37 MP: 4/4
  1137 | D:2      | Found a stormy altar of Qazlal.
  1431 | D:2      | Found an iron altar of Okawaru.
  1590 | D:2      | Reached XP level 5. HP: 42/42 MP: 5/5
  1988 | D:3      | Found a glowing golden altar of the Shining One.
  2008 | D:3      | Noticed Robin
  2018 | D:3      | Killed Robin
  2146 | D:3      | Noticed Jessica
  2148 | D:3      | Found a glowing drain.
  2150 | D:3      | Found an ornate altar of the Wu Jian Council.
  2158 | Sewer    | Entered a sewer
  2161 | Sewer    | Reached XP level 6. HP: 11/49 MP: 6/6
  3008 | D:3      | Killed Jessica
  3325 | D:3      | Found a runed translucent door.
  3326 | D:3      | Noticed Crazy Yiuf
  3398 | D:3      | Found a shadowy altar of Dithmenos.
  3451 | D:3      | Killed Crazy Yiuf
  3451 | D:3      | Reached skill level 5 in Shields
  3660 | D:4      | Noticed an ogre
  3667 | D:4      | Killed an ogre
  3667 | D:4      | Reached XP level 7. HP: 43/55 MP: 7/7
  3682 | D:4      | Found a hide-covered altar of Uskayaw.
  3711 | D:4      | Reached skill level 5 in Fighting
  3794 | D:4      | HP: 1/56 [iguana (10)]
  4139 | D:4      | Found a basalt altar of Yredelemnul.
  4201 | D:4      | Found a radiant altar of Vehumet.
  4282 | D:4      | Reached skill level 5 in Axes
  4283 | D:4      | Mangled by a gnoll

Skill      XL: |  1  2  3  4  5  6  7 |
---------------+----------------------+-----
Shields        | 4 5 |  5.1
Fighting       | 4 5 |  5.3
Armour         | 4 |  4.9
Axes           | 3 4 5 |  5.0

Action                   |  1- 3 |  4- 6 |  7- 9 || total
-------------------------+-------+-------+-------++-------
Melee: War axe           |   100 |   195 |    47 ||   342
 Abil: Dig               |       |     7 |       ||     7
  Use: Potion            |       |     1 |       ||     1
  Eat: Chunk             |       |     8 |     1 ||     9
       Ration            |       |     3 |       ||     3
Armor: Scale mail        |    49 |    97 |    13 ||   159
Dodge: Dodged            |    44 |    79 |    21 ||   144
Block: Shield            |    63 |   110 |    23 ||   196
